 Dungeon Crawl Stone Soup version 0.26-a0-649-gf8c6c3aab7 (webtiles) character file.

Game seed: 12350238645088611830

1144 Majang the Chopper (level 8, -1/73 HPs)
             Began as a Palentonga Fighter on Sept 26, 2020.
             Was an Initiate of Makhleb.
             Slain by Pikel
             ... wielding a +2 whip of electrocution
              (10 damage)
             ... on level 5 of the Dungeon.
             The game lasted 00:23:00 (3782 turns).

Majang the Chopper (Palentonga Fighter)             Turns: 3782, Time: 00:23:01

Health: -1/73      AC: 13    Str: 22    XL:     8   Next: 15%
Magic:  8/8        EV:  6    Int:  8    God:    Makhleb [......]
Gold:   301        SH: 10    Dex: 13    Spells: 7/7 levels left

rFire    . . .     SeeInvis +   a - +0 war axe
rCold    . . .     Faith    .   c - +1 kite shield
rNeg     + . .     Spirit   .   b - +0 scale mail
rPois    +         Reflect  .   k - +0 helmet
rElec    .         Harm     .   y - +1 cloak
rCorr    .         Rampage  .   i - +2 pair of gloves {Dex+3}
MR       .....                  (no barding)
Stlth    ..........             s - amulet of the acrobat
HPRegen  0.22/turn              o - ring of poison resistance
MPRegen  0.11/turn              u - ring of positive energy

@: mighty
A: large, rugged brown scales 3, see invisible, deformed body, roll, armoured
tail
a: Rolling Charge, Renounce Religion


You were on level 5 of the Dungeon.
You worshipped Makhleb.
Makhleb was noncommittal.
You visited 1 branch of the dungeon, and saw 6 of its levels.
You also visited: Sewer.

You collected 301 gold pieces.

Inventory:

Hand Weapons
 a - a +0 war axe (weapon)
Armour
 b - a +0 scale mail (worn)
 c - a +1 kite shield (worn)
 h - a +0 plate armour
 i - a +2 pair of gloves of dexterity (worn)
 k - a +0 helmet (worn)
 y - a +1 cloak (worn)
 B - a +0 chain mail
Jewellery
 o - a ring of poison resistance (left hand)
 p - an uncursed amulet of faith
 s - an amulet of the acrobat (around neck)
 u - a ring of positive energy (right hand)
Wands
 m - a wand of enslavement (7)
 v - a wand of paralysis (5)
 z - a wand of disintegration (4)
 C - a wand of random effects (20)
 D - a wand of flame (15)
Scrolls
 e - a scroll of enchant armour
 f - 8 scrolls of teleportation
 l - 3 scrolls of remove curse
 n - a scroll of blinking
 q - a scroll of magic mapping
 r - 2 scrolls of fear {unknown}
Potions
 d - 3 potions of might
 g - 4 potions of heal wounds {unknown}
 j - 3 potions of haste {unknown}
 t - a potion of stabbing {unknown}
 w - a potion of lignification {unknown}
 x - a potion of degeneration {unknown}
 A - a potion of invisibility {unknown}
 E - a potion of curing {unknown}


   Skills:
 + Level 5.5 Fighting
 * Level 6.9 Axes
 + Level 3.3 Armour
 + Level 2.0 Dodging
 + Level 3.4 Shields
 + Level 1.1 Invocations


You had 7 spell levels left.
You didn't know any spells.
Your spell library contained the following spells:

 Spells                   Type           Power        Failure   Level
 Confusing Touch          Hex            #.......     100%        3
 Gell's Gravitas          Tloc           #.........   100%        3
 Petrify                  Tmut/Erth      #.......     100%        4
 Metabolic Englaciation   Hex/Ice        #.........   100%        5
 Yara's Violent Unravell  Hex/Tmut       #.........   100%        5


Dungeon Overview and Level Annotations

Branches:
Dungeon (6/15)              Sewer (visited)
 Temple: D:4-7

Altars:
Makhleb
Qazlal

Annotations:
D:5 Pikel


Innate Abilities, Weirdness & Mutations

You are completely covered in rugged brown scales. (AC +3, +7% HP)
You have supernaturally acute eyesight. (SInv)
Armour fits poorly on your strangely shaped body.
You can roll at foes to attack.
You have a long armoured tail.


Message History

Pikel is moderately wounded.
You slash the lemure!
You kill the lemure!
That felt strangely unrewarding.
Pikel hits you but does no damage.
Pikel hits you with a +2 whip of electrocution.
You are electrocuted!
* * * LOW HITPOINT WARNING * * *
You barely miss Pikel. You tail-slap Pikel, but do no damage.
Pikel is moderately wounded.
Pikel hits you but does no damage.
You are electrocuted!
* * * LOW HITPOINT WARNING * * *
Okay, then.
You hit Pikel. You tail-slap Pikel.
Pikel is heavily wounded.
Pikel says, "Don't tell anyone, but I think Ereshkigal likes me."
Pikel hits you but does no damage.
You slash Pikel!
Your tail-slap misses Pikel.
Pikel is almost dead.
Pikel hits you but does no damage.
You are electrocuted!
You die...

,,,,...#,..........###
**,*
,***.....##.#........#
**,
,***,#.........##.##.#
**
,**,..............##.#
,,,,.....##....#..##.#
,,,,.........).#..##.#
,**,#.#........#..##.#
,**,.,#.#.#.>#.......#
,,,,,5.........K@.####
,,**,.#.....#####)######
,,,,,,#.5...* #...)...#
,,*****.5...* *#.#.###.#
,,*****....,**#.###.**,*
,,,,,,,,*****#.#* *#.*,*
,******** ##,***,##,*
,****** **,*,,**,*
,,,,,,* *,,,,,,,*


You could see Pikel.

Vanquished Creatures
  Duvessa (D:6)
  An ice beast (D:5)
  A sky beast (D:6)
  A centaur (D:5)
  An ogre (D:4)
  4 lemures (D:5)
  Dowan (D:6)
  2 scorpions
  A bullfrog zombie (D:5)
  A bullfrog skeleton (D:5)
  A jelly (D:5)
  A centaur zombie (D:6)
  Crazy Yiuf (D:3)
  An orc priest (D:3)
  2 hounds
  Jessica (D:3)
  An orc wizard (D:3)
  A hound skeleton (D:4)
  A worker ant zombie (D:6)
  A gnoll (D:3)
  A howler monkey skeleton (D:4)
  10 adders
  A river rat (Sewer)
  A white imp (D:6)
  An adder skeleton (D:6)
  2 worms
  A dart slug (D:4)
  4 leopard geckos
  5 orcs
  4 ball pythons
  12 bats
  6 giant cockroaches
  2 goblins
  7 hobgoblins
  8 jackals
  2 quokkas
  11 frilled lizards
  A jackal skeleton (D:4)
  A jackal zombie (D:5)
  11 kobolds
  A leopard gecko zombie (D:5)
  A quokka skeleton (D:5)
  12 rats
130 creatures vanquished.

Notes
Turn   | Place    | Note
-------+----------+-------------------------------------------
     0 | D:1      | Majang the Palentonga Fighter began the quest for the Orb.
     0 | D:1      | Reached XP level 1. HP: 20/20 MP: 1/1
   104 | D:1      | Reached XP level 2. HP: 23/27 MP: 2/2
   407 | D:1      | Reached skill level 3 in Axes
   556 | D:1      | Reached XP level 3. HP: 29/33 MP: 3/3
  1047 | D:2      | Found a faded altar of an unknown god.
  1086 | D:2      | Reached XP level 4. HP: 42/42 MP: 4/4
  1099 | D:2      | Reached skill level 4 in Axes
  1140 | D:2      | Noticed a fire elemental
  1141 | D:2      | Found a stormy altar of Qazlal.
  1143 | D:2      | Noticed an air elemental
  1152 | D:2      | Noticed an earth elemental
  1152 | D:2      | Noticed a water elemental
  1373 | D:3      | Found a glowing drain.
  1423 | Sewer    | Entered a sewer
  1625 | Sewer    | Reached XP level 5. HP: 49/49 MP: 5/5
  2041 | D:3      | Reached skill level 5 in Axes
  2408 | D:3      | Noticed Jessica
  2409 | D:3      | Killed Jessica
  2409 | D:3      | Reached XP level 6. HP: 56/56 MP: 6/6
  2429 | D:3      | Found a runed translucent door.
  2430 | D:3      | Noticed Crazy Yiuf
  2437 | D:3      | Killed Crazy Yiuf
  3076 | D:5      | Entered Level 5 of the Dungeon
  3135 | D:5      | Reached skill level 6 in Axes
  3135 | D:5      | Reached skill level 1 in Dodging
  3135 | D:5      | Reached XP level 7. HP: 64/64 MP: 7/7
  3165 | D:6      | Reached skill level 5 in Fighting
  3342 | D:6      | Noticed Duvessa
  3344 | D:6      | Noticed Dowan
  3350 | D:6      | Killed Duvessa
  3353 | D:6      | Killed Dowan
  3479 | D:6      | Found a burning altar of Makhleb.
  3479 | D:6      | Noticed a cacodemon
  3483 | D:6      | Noticed a smoke demon
  3483 | D:6      | Noticed a neqoxec
  3485 | D:6      | Became a worshipper of Makhleb the Destroyer
  3726 | D:5      | Reached XP level 8. HP: 73/73 MP: 8/8
  3731 | D:5      | Reached skill level 1 in Invocations
  3770 | D:5      | Noticed Pikel
  3782 | D:5      | Slain by Pikel

Illustrated notes

Levels and vault maps discovered:
D:1:      evilmike_arrival_rings, layout_basic
D:2:      layout_rooms, chequers_ecumenical_altar_simple,
          nicolae_qazlal_style_of_elements
D:3:      layout_basic, portal_sewer_entry_a, kennysheep_generic_room_7,
          uniq_crazy_yiuf_cottage, uniq_jessica
D:4:      layout_rooms, interstate_on_off
D:5:      layout_loops_cross, hangedman_abyss_or_decor_stabs, uniq_pikel
D:6:      layout_basic, makhleb_altar_promises_db, uniq_menkaure, uniq_duvessa,
          uniq_maggie, uniq_edmund

Skill      XL: |  1  2  3  4  5  6  7  8 |
---------------+-------------------------+-----
Axes           | 3 4 5 6 |  6.9
Fighting       | 4 5 |  5.5
Dodging        | 1 2 |  2.0
Shields        | 3 |  3.4
Armour         | 3 |  3.3
Invocations    | 1 |  1.1

Action                   |  1- 3 |  4- 6 |  7- 9 || total
-------------------------+-------+-------+-------++-------
Melee: War axe           |   102 |   157 |    80 ||   339
       Tailslap          |     9 |    17 |    16 ||    42
 Abil: Rolling Charge    |    21 |    13 |     7 ||    41
Evoke: Wand              |       |     4 |     1 ||     5
  Use: Scroll            |       |    13 |     1 ||    14
       Potion            |       |       |     1 ||     1
Armor: Scale mail        |    58 |    67 |    45 ||   170
       Plate armour      |     4 |       |       ||     4
Dodge: Dodged            |    23 |    37 |    20 ||    80
Block: Kite shield       |    54 |    97 |    43 ||   194

Table legend: (Time is in decaauts)
 A = Elapsed time spent in this place.
 B = Non-inter-level travel time spent in this place.
 C = Inter-level travel time spent in this place.
 D = Time resting spent in this place.
 E = Time spent auto-exploring this place.
 F = Levels seen in this place.
 G = Mean time per level.
                   A        B        C        D        E       F      G
               +--------+--------+--------+--------+--------+-----+--------+
         Total |   3952 |   3766 |    186 |    374 |   2033 |   7 |  564.6 |
       Dungeon |   3590 |   3404 |    186 |    374 |   2033 |   6 |  598.3 |
         Sewer |    362 |    362 |      0 |      0 |      0 |   1 |  362.0 |
               +--------+--------+--------+--------+--------+-----+--------+

Top non-repeatable levels by time:
     D:3: 917 daAuts
     D:1: 904 daAuts
     D:4: 541 daAuts
     D:2: 500 daAuts
     D:6: 405 daAuts
   Sewer: 362 daAuts
     D:5: 321 daAuts
